[Event "*** SCC Grand Prix: Titled Tuesday Blitz"]
[Site "Chess.com"]
[Date "2020.07.14"]
[Round "5"]
[White "BillieKimbah"]
[Black "DortmundCity"]
[Result "1-0"]
[WhiteElo "2904"]
[BlackElo "2641"]
[TimeControl "180+1"]
[EndTime "10:58:16 PDT"]
[Termination "BillieKimbah won by resignation"]

1. d4 d5 2. Nf3 c6 3. Bf4 Nf6 4. e3 Bg4 5. Nbd2 Nbd7 6. h3 Bh5 7. g4 Bg6 8. Ne5 Nxe5 9. dxe5 Nd7 10. Bd3 e6 11. h4 Bxd3 12. cxd3 Qb6 13. Qc2 Qc5 14.
Qxc5 Nxc5 15. Ke2 h5 16. Rag1 hxg4 17. Rxg4 Rh5 18. Nf1 Na4 19. Ng3 Rh7 20. Kd2 Kd7 21. Bg5 b5 22. Kc2 Nb6 23. Rf4 Ke8 24. h5 a5 25. Rg4 c5 26. h6 gxh6 27. Nh5 Be7 28. Nf6+ Bxf6 29. Bxf6 Kd7 30. Kd2 b4 31. Rgh4 Kc6 32.
Rxh6 Rxh6 33. Rxh6 Kb5 34. Rh7 Ra7 35. Rh8 Rb7 36. Rf8 c4 37. f4 Na4 38. dxc4+ dxc4 39. Kc1 Nc5 40. Kc2 a4 41. Rd8 b3+ 42. axb3 cxb3+ 43. Kb1 Ne4 44. Rd4 Nc5 45. Kc1 Rd7 46. Kd2 Ne4+ 47. Kd3 Rxd4+ 48. exd4 Ng3 49. Ke3 Nf5+ 50. Kd3 Kc6 51.
Bd8 Kd5 52. Bb6 Ng3 53. Ba7 Ne4 54. Bb6 f5 55. exf6 Nxf6 56. Ba7 Nh5 57. Bb8 Ng3 58. Ba7 Nf5 59. Bb6 Ne7 60. Kc3 Nc6 61. Bc5 Ke4 62. Kc4 Kxf4 63. Kb5 Nd8 64. Kxa4 Ke4 65. Kxb3 Nc6 66.
Kc4 Nd8 67. b4 Kf5 68. b5 Kf6 69. b6 Kf7 70. Bd6 Ke8 71. Bc7 Nb7 72. Kb5 Kd7 73.
Be5 Kc8 74. Kc6 Nd8+ 75. Kc5 Kd7 76. Bc7 Nb7+ 77. Kb5 Kc8 78. Kc6 Na5+ 79. Kd6 Kb7 80. Kxe6 Nc4 81. d5 Ne3 82. d6 1-0

[Event "*** SCC Grand Prix: Titled Tuesday Blitz"]
[Site "Chess.com"]
[Date "2020.07.14"]
[Round "5"]
[White "Nayemhaque22"]
[Black "LastHeroJr"]
[Result "0-1"]
[WhiteElo "2219"]
[BlackElo "2454"]
[TimeControl "180+1"]
[EndTime "10:58:17 PDT"]
[Termination "LastHeroJr won on time"]

1. e4 Nc6 2. Nf3 d6 3. d4 Nf6 4. Bd3 Nb4 5. c3 Nxd3+ 6. Qxd3 e6 7. Bg5 Be7 8. Nbd2 O-O 9. O-O-O b6 10. h3 Bb7 11. Bxf6 Bxf6 12. g4 Bg5 13. Nxg5 Qxg5 14. Rde1 Qf4 15. Qe3 Qxe3 16. Rxe3 f5 17. gxf5 exf5 18. Rg1 fxe4 19. Nxe4 Bxe4 20. Rxe4 Rxf2 21. Re7 Rf7 22. Rge1 Raf8 23. a4 g6 24. a5 bxa5 25. Kc2 Kg7 26. R7e3 Rf2+ 27. Kb3 Rb8+ 28. Kc4 Rbxb2 29.
Ra1 Rf7 30. Rxa5 Rb7 31. h4 h6 32. h5 gxh5 33. Rg3+ Kh7 34. Rxh5 c6 35. Re3 Rbe7 36. Reh3 Rf6 37. Rh1 d5+ 38. Kc5 Rb7 39. c4 dxc4 40. Kxc4 Rd7 41. Ra1 Rf4 42. Rd1 Kg6 43. Rc5 Rd6 44.
Rg1+ Kf6 45. Rd1 Kg6 46. Rg1+ Kf7 47. Rd1 Ke7 48. Ra5 Rd7 49. Re5+ Kd6 50. Rh5 Rf6 51. Rdh1 Rh7 52. Ra5 Rg6 53. Rhh5 Rg2 54. Rhc5 Rc2+ 55. Kd3 Rxc5 56. dxc5+ Kd5 57. Kc3 h5 58. Kb4 h4 59.
Ra1 h3 60. Rd1+ Ke4 0-1

[Event "*** SCC Grand Prix: Titled Tuesday Blitz"]
[Site "Chess.com"]
[Date "2020.07.14"]
[Round "5"]
[White "Duong57"]
[Black "KonstantinB_1983"]
[Result "1/2-1/2"]
[WhiteElo "2239"]
[BlackElo "2419"]
[TimeControl "180+1"]
[EndTime "10:58:17 PDT"]
[Termination "Game drawn - timeout vs insufficient material"]

1. d4 d5 2. c4 c6 3. Nf3 Nf6 4. Nc3 a6 5. c5 Bf5 6. Qb3 Qc8 7. Nh4 Bg6 8. e3 Nbd7 9. Na4 e6 10.
Nxg6 hxg6 11. Bd3 Be7 12. Bd2 Bd8 13. Qc2 Bc7 14. h3 e5 15. b4 Qd8 16. Nc3 Qe7 17. O-O g5 18. f3 Kf8 19. a4 b6 20. Ne2 bxc5 21. bxc5 g6 22. e4 exd4 23. Bxg5 Kg7 24. exd5 cxd5 25. Rae1 Qxc5 26. Rc1 Qxc2 27. Rxc2 Bb6 28.
Rc6 Rab8 29. Rfc1 a5 30. Kf2 Rhe8 31. h4 Re6 32. Rxe6 fxe6 33. Rc6 Kf7 34. Nf4 Ne5 35. Bxf6 Nxc6 36. Bg5 Kg7 37. Bxg6 e5 38. h5 exf4 39. Bd3 Bc5 40. h6+ Kf7 41. h7 Rh8 42. Bxf4 Be7 43. Bc7 Bf6 44. Bb5 Kg7 45. Bxc6 Rxh7 46. Bxd5 Rh1 47.
Be4 Rc1 48. Bxa5 Rc4 49. Bd2 Rxa4 50. f4 Ra2 51. Ke2 Be7 52. Kd3 Bc5 53. g4 Ra3+ 54. Kc4 Ba7 55. Bb4 Rg3 56. g5 Rg4 57. Bd6 Rg1 58. Be5+ Kf7 59. g6+ Ke7 60. f5 d3 61.
f6+ Ke6 62. Bd5+ Kxe5 63. f7 Rf1 64. f8=Q Rxf8 65. g7 Rc8+ 66. Kxd3 Kxd5 67. g8=Q+ Rxg8 68. Kd2 Rg7 69. Kd3 Rg6 70. Ke2 Rg4 71. Kf3 Re4 72. Kg2 Ke5 73. Kf3 Kf5 74. Kg2 Kg4 75. Kf1 Re3 76. Kf2 Rd3+ 77. Ke2 Re3+ 78. Kf2 Kf4 79. Kf1 Kf3 80. Kg1 Re2+ 81. Kh1 Bb8 82. Kg1 1/2-1/2

[Event "*** SCC Grand Prix: Titled Tuesday Blitz"]
[Site "Chess.com"]
[Date "2020.07.14"]
[Round "5"]
[White "Misticpikachu"]
[Black "turayev_shahruh17"]
[Result "0-1"]
[WhiteElo "2237"]
[BlackElo "2467"]
[TimeControl "180+1"]
[EndTime "10:58:18 PDT"]
[Termination "turayev_shahruh17 won by resignation"]

1. c4 d5 2. cxd5 Nf6 3. Nc3 Nxd5 4. g3 g6 5. Bg2 c6 6. Nf3 Bg7 7. O-O O-O 8. d4 Nxc3 9. bxc3 c5 10. e4 Nc6 11. Be3 cxd4 12. cxd4 Bg4 13. Rb1 Bxf3 14. Bxf3 Nxd4 15. Bxd4 Bxd4 16. Rxb7 e5 17. Qb3 Rb8 18. Rb1 Rxb7 19. Qxb7 Qa5 20. Qd5 Qd2 21. Rf1 h6 22. h4 Rb8 23. h5 Qg5 24. Kg2 gxh5 25. Qc4 h4 26. Rc1 Rb2 27.
Rc2 Rb1 28. Qc8+ Kg7 29. Qg4 hxg3 30. Qxg5+ hxg5 31. fxg3 Kg6 32. Bg4 Rg1+ 33. Kh2 Re1 34. Bf5+ Kg7 35. Kg2 Re3 36. Rd2 Ra3 37. Rc2 Bc3 38.
Kf2 Be1+ 39. Kg2 Rxg3+ 40. Kf1 Ba5 41. Rg2 Rf3+ 42. Ke2 Ra3 43. Rxg5+ Kf6 44. Rh5 Rxa2+ 45. Kf3 Bb6 46. Rh6+ Ke7 47. Rc6 Rf2+ 48. Kg4 Rf4+ 49. Kg5 Bd4 50. Rc7+ Kd6 51. Rxf7 a5 52. Rd7+ Kc5 53.
Rd5+ Kb4 54. Rd8 a4 55. Rb8+ Kc3 56. Ra8 Kb4 57. Bd7 a3 58. Rb8+ Kc3 59. Rc8+ Kb2 60. Rb8+ Ka1 61. Ra8 Kb2 62. Rb8+ Kc1 63. Ra8 Rf3 64. Bc6 Kb2 65. Bd5 Rb3 66. Bxb3 Kxb3 67. Rb8+ Kc2 68. Ra8 Bb2 69. Kf5 Kb3 70. Rb8+ Ka2 71.
Ra8 Bc3 72. Rb8 Ka1 73. Ra8 a2 74. Ra7 Bb2 75. Rb7 Kb1 76. Rh7 a1=Q 77. Rh1+ Ka2 78. Rxa1+ Kxa1 79. Ke6 Bd4 0-1

[Event "*** SCC Grand Prix: Titled Tuesday Blitz"]
[Site "Chess.com"]
[Date "2020.07.14"]
[Round "5"]
[White "Harsha_Bharathakoti"]
[Black "Meri-Arabidze"]
[Result "1-0"]
[WhiteElo "2783"]
[BlackElo "2561"]
[TimeControl "180+1"]
[EndTime "10:58:20 PDT"]
[Termination "Harsha_Bharathakoti won by resignation"]

1. d4 d5 2. c4 dxc4 3. e4 Nc6 4. Nf3 Bg4 5. d5 Ne5 6. Bf4 Bxf3 7.
gxf3 Ng6 8. Be3 e5 9. dxe6 Qxd1+ 10. Kxd1 fxe6 11. Bxc4 O-O-O+ 12. Ke2 e5 13. h4 N8e7 14. Nc3 Nc6 15. Nd5 Bd6 16. Rac1 Nf4+ 17. Bxf4 exf4 18. Kf1 Be5 19. b3 Kb8 20. Kg2 g6 21. h5 g5 22.
Kh3 h6 23. Kg4 Bb2 24. Rc2 Ne5+ 25. Kh3 Bd4 26. Be2 Rh7 27. Nf6 Rf7 28. Ng4 Nxg4 29. Kxg4 Rf6 30. Rd1 Rfd6 31. Bc4 c5 32. Bd5 a5 33. a3 b6 34. b4 axb4 35. axb4 R8d7 36.
Rb1 Kc7 37. Ra2 Kd8 38. Ra8+ Ke7 39. bxc5 Bxc5 40. Rb2 Rc7 41. Rh8 Bd4 42. Rh7+ Kd8 43. Rxc7 Kxc7 44. Rc2+ Bc5 45. Kf5 Kd7 46. Bc4 Ke7 47.
e5 Rd1 48. Ra2 Rc1 49. Ra7+ Kd8 50. Bd5 Bxf2 51. e6 Bc5 52. Rd7+ Kc8 53. Rh7 Re1 54. Rxh6 Bd6 55. Be4 g4 56. Kxg4 Rg1+ 57. Kf5 b5 58.
Rh8+ Kc7 59. h6 b4 60. h7 Rh1 61. Kg4 Rg1+ 62. Kh3 Rh1+ 63. Kg2 Rh5 64. Ra8 Be5 65. Ra5 Rg5+ 66. Kf1 Kd6 67. e7 Kxe7 68. Rxe5+ Rxe5 69. h8=Q Rb5 70. Qg7+ Kd6 71. Qf6+ Kc5 72. Qe5+ Kb6 73. Qd4+ Kc7 74. Qc4+ Kb6 75. Qc6+ Ka5 76. Qc7+ Ka4 77. Bc6 b3 78. Bxb5+ 1-0

[Event "*** SCC Grand Prix: Titled Tuesday Blitz"]
[Site "Chess.com"]
[Date "2020.07.14"]
[Round "5"]
[White "realmadridtv"]
[Black "13MiRacLe"]
[Result "0-1"]
[WhiteElo "2457"]
[BlackElo "2631"]
[TimeControl "180+1"]
[EndTime "10:58:20 PDT"]
[Termination "13MiRacLe won by checkmate"]

1. d4 Nf6 2. c4 g6 3. g3 Bg7 4.
Bg2 d5 5. cxd5 Nxd5 6. e4 Nb6 7. Ne2 c5 8. d5 O-O 9. O-O e6 10. Nbc3 exd5 11. exd5 N8d7 12. a4 Ne5 13. b3 Bg4 14. f3 Bf5 15. f4 Nd3 16. Ba3 Nb4 17. Rc1 Re8 18. h3 h5 19. Bxb4 cxb4 20. Nb5 Re3 21. Kh2 Rd3 22. Qe1 a6 23. Nc7 Rc8 24. Qxb4 Rxc7 25.
Qxb6 Rd7 26. Qb4 R7xd5 27. Qxb7 Kh7 28. Qxa6 Rd2 29. Rf2 Bd3 30. Qc6 Rd6 31. Qf3 Rb2 32. f5 Bxf5 33. a5 Rdd2 34. a6 Qd7 35. Rc4 Ra2 36. Ra4 Rxa4 37. bxa4 Qxa4 38. Qb7 Ra2 39.
Rf4 Qxa6 40. Qxa6 Rxa6 41. Nd4 Ra5 42. Nf3 Bh6 43. Rd4 Bg7 44. Rc4 Bf6 45. Rc6 Kg7 46. Rb6 Rc5 47. Rb3 Rc3 48. Rxc3 Bxc3 49. h4 Bf6 50. Ng1 Bg4 51. Bf3 Be6 52. Kg2 Be5 53. Ne2 f6 54. Kf2 Bf7 55. Nc1 g5 56. Nd3 Bd4+ 57.
Kg2 g4 58. Be4 Be6 59. Nf4 Bf7 60. Bf5 Be5 61. Ne6+ Kg8 62. Nd8 Bd5+ 63. Kh2 Kf8 64. Ne6+ Kf7 65. Nc5 Ke7 66. Nd3 Bf7 67. Ne1 Kd6 68.
Nd3 Kd5 69. Nb4+ Kd4 70. Kg2 Ke3 71. Nd3 Bd5+ 72. Kh2 Bd6 73. Bg6 Kf3 74. Ne1+ Ke2 75. Ng2 Kf2 76. Nf4 Bxf4 77. gxf4 g3+ 78. Kh3 g2 79. Be4 Bxe4 80. f5 Bxf5+ 81. Kh2 g1=Q# 0-1

[Event "*** SCC Grand Prix: Titled Tuesday Blitz"]
[Site "Chess.com"]
[Date "2020.07.14"]
[Round "5"]
[White "Guenplen"]
[Black "TheNextLevelFan"]
[Result "1-0"]
[WhiteElo "2880"]
[BlackElo "2538"]
[TimeControl "180+1"]
[EndTime "10:58:26 PDT"]
[Termination "Guenplen won by resignation"]

1. d4 d5 2. Bf4 Nf6 3. e3 c5 4. c3 Nc6 5. Nd2 Qb6 6. Qc2 e6 7. h3 Bd7 8. Rd1 Rc8 9. Qb1 Be7 10. Ngf3 O-O 11. Bd3 Rfd8 12. g4 g6 13. Ne5 Be8 14.
O-O Nxe5 15. Bxe5 Bb5 16. Bxb5 Qxb5 17. Rfe1 Nd7 18. Bg3 Nb6 19. Nb3 Na4 20. Rd2 Bd6 21. Bxd6 Rxd6 22. dxc5 Nxc5 23. Nxc5 Qxc5 24. Qd3 b5 25. a3 a5 26. Ra1 Rb6 27. Qd4 Qxd4 28. Rxd4 Rc4 29. Kf1 Kg7 30. Ke2 b4 31. Rxc4 dxc4 32.
axb4 axb4 33. Ra4 bxc3 34. bxc3 Rb2+ 35. Kf3 Kf6 36. Rxc4 h6 37. Rc7 h5 38. Rc5 hxg4+ 39. hxg4 g5 40. Kg3 Kg6 41. Kf3 Kf6 42. Rc8 Ke5 43. Rc7 Kf6 44. Rc5 Rc2 45. e4 Kg6 46.
e5 f6 47. Rc6 Kf7 48. Rc7+ Kg6 49. Rc6 Kf7 50. exf6 Kxf6 51. Ke3 Ke5 52. Rc5+ Kf6 53. Rc8 Ke5 54. f3 Kf6 55. Rc5 Rc1 56. Kd2 Rf1 57. Ke2 Rc1 58. Rc8 Ke5 59. Ke3 Re1+ 60. Kd2 Rf1 61.
Rf8 Kd5 62. Ke2 Rc1 63. Kd2 Rf1 64. Ke3 Rc1 65. Kd3 Rf1 66. Kc2 Kc4 67. Rc8+ Kd5 68.
Rd8+ Ke5 69. Rf8 Kd5 70. Rf7 Kc4 71. Kd2 Rf2+ 72. Ke3 Rf1 73. Rc7+ Kd5 74. Rg7 Kc4 75. Rxg5 Kxc3 76. Rc5+ Kb4 77. Rc8 Kb5 78. g5 Kb6 79. f4 Kb7 80. Rc2 e5 81. fxe5 Rf5 82. Ke4 Rxg5 83. e6 Rg8 84. Ke5 Kb6 85. e7 Kb7 86. Kf6 1-0

[Event "*** SCC Grand Prix: Titled Tuesday Blitz"]
[Site "Chess.com"]
[Date "2020.07.14"]
[Round "5"]
[White "Shushik"]
[Black "HouseOfDurin"]
[Result "0-1"]
[WhiteElo "2209"]
[BlackElo "2011"]
[TimeControl "180+1"]
[EndTime "10:58:27 PDT"]
[Termination "HouseOfDurin won by resignation"]

1. e4 c5 2. Nf3 Nc6 3. d4 cxd4 4. Nxd4 e5 5. Nb5 d6 6. N1c3 a6 7. Na3 b5 8. Nd5 Nf6 9. Bg5 Be7 10. Bxf6 Bxf6 11.
c4 b4 12. Nc2 Rb8 13. b3 O-O 14. h4 g6 15. h5 Bg7 16. g3 Be6 17. Bh3 Bxd5 18. Qxd5 Nd4 19. Nxd4 exd4 20. hxg6 hxg6 21. Bf1 Re8 22. Bd3 Re5 23. Qc6 Rb6 24. Qa4 Qc7 25. a3 a5 26. axb4 Rxb4 27. Qa3 Qb6 28. Rb1 Re8 29. O-O Ra8 30. Bc2 Be5 31. Qc1 Kg7 32. Kg2 Rh8 33. Rh1 Rxh1 34. Qxh1 Qd8 35. Qe1 Qg5 36. Ra1 d3 37. Bxd3 Bxa1 38. Qxa1+ Qe5 39. Qxe5+ dxe5 40. Bc2 Rb6 41. Kf3 Kf6 42. Ke3 Ke6 43. Kd3 Rd6+ 44. Kc3 Rd4 45. b4 axb4+ 46. Kxb4 Rd2 47.
Bb3 Rxf2 48. c5+ Kd7 49. Bd5 Kc7 50. c6 f6 51. Kc5 Rf3 52. g4 Rg3 53. Be6 Rc3+ 54.
Kd5 Rxc6 55. Bf7 Rd6+ 56. Kc5 g5 57. Bg6 Rd4 58. Bf5 Kd8 59. Bg6 Ke7 60. Bf5 Kf7 61. Kb5 Kg7 62. Kc5 Rd2 63. Kb5 Kf8 64. Kc5 Ke7 65.
Kc6 Kd8 66. Kc5 Kc7 67. Kb5 Kb7 68. Kc5 Ka6 69. Kc6 Ka5 70. Kc5 Ka4 71. Kc4 Rd4+ 72. Kc5 Kb3 73. Be6+ Kc3 74. Bf5 Kd3 75. Bg6 Ke3 76.
Bf5 Kf4 77. Kc6 Rxe4 78. Bxe4 Kxe4 79. Kd6 Kf4 80. Ke6 e4 81. Kxf6 Kxg4 82. Ke5 e3 83. Ke4 e2 0-1

[Event "*** SCC Grand Prix: Titled Tuesday Blitz"]
[Site "Chess.com"]
[Date "2020.07.14"]
[Round "5"]
[White "Dr_crypt"]
[Black "AldokhinIvan"]
[Result "0-1"]
[WhiteElo "2397"]
[BlackElo "2577"]
[TimeControl "180+1"]
[EndTime "10:58:32 PDT"]
[Termination "AldokhinIvan won by checkmate"]

1. d4 Nf6 2. Bf4 c5 3. c3 e6 4. e3 d5 5. Nf3 Nc6 6. Nbd2 Bd6 7.
Bg3 O-O 8. Bd3 Re8 9. Ne5 Qc7 10. f4 b6 11. Bh4 Be7 12. Qc2 g6 13. g4 Nxe5 14. fxe5 Nxg4 15. Bg3 Nxe3 16. Qb1 cxd4 17. cxd4 Bd7 18. Ke2 Nf5 19. Qf1 Nxd4+ 20. Kd1 Ba4+ 21. b3 Bd7 22. Rc1 Qb7 23. Qf4 Nf5 24. Bxf5 exf5 25. h4 d4 26. Ke2 Bb5+ 27. Kf2 Rac8 28. h5 Rxc1 29. Rxc1 Rc8 30. hxg6 Rxc1 31. gxh7+ Kxh7 32. Qxf5+ Kg8 33. e6 Bf8 34. Qg5+ Bg7 35. Qd8+ Kh7 36. Qh4+ Kg6 37. Qg4+ Kh7 38. Qh4+ Bh6 39. Bf4 fxe6 40. Qxh6+ Kg8 41. Qg6+ Qg7 42. Qxe6+ Qf7 43. Qg4+ Kf8 44. Nf3 Rf1+ 45. Kg3 Bd7 46. Bh6+ Ke8 47. Qe4+ Qe7 48. Qg6+ Qf7 49. Qe4+ Qe6 50. Qxe6+ Bxe6 51. Nxd4 Bd5 52.
Bf4 Kd7 53. Nf5 Rg1+ 54. Kf2 Rg2+ 55. Ke3 Rxa2 56. Kd4 Bxb3 57. Ne3 Be6 58. Be5 Ra4+ 59. Kd3 b5 60. Bd4 Ra3+ 61. Kc2 a5 62. Kb2 b4 63.
Nc2 Ra2+ 64. Kb1 Kc6 65. Bb2 Ra4 66. Nd4+ Kd5 67. Nb5 Kc4 68. Nd6+ Kb3 69. Nb5 Bf5+ 70. Kc1 Bd3 71. Nd4+ Kc4 72. Nc6 Be2 73. Ne5+ Kd5 74. Nd7 Ra2 75. Nb6+ Ke4 76. Kb1 Rxb2+ 77. Kxb2 Bb5 78.
Nd7 Bxd7 79. Kb3 Kd4 80. Kb2 a4 81. Ka2 Be6+ 82. Kb2 a3+ 83. Ka1 Kc3 84. Kb1 b3 85. Ka1 b2+ 86. Kb1 Bf5+ 87. Ka2 b1=Q+ 88. Kxa3 Qb3# 0-1

[Event "*** SCC Grand Prix: Titled Tuesday Blitz"]
[Site "Chess.com"]
[Date "2020.07.14"]
[Round "5"]
[White "BakaPG"]
[Black "Chessdemon2019"]
[Result "1/2-1/2"]
[WhiteElo "2641"]
[BlackElo "2372"]
[TimeControl "180+1"]
[EndTime "10:58:36 PDT"]
[Termination "Game drawn by stalemate"]

1. e4 c5 2. Nf3 d6 3. d4 cxd4 4.
Nxd4 Nf6 5. Nc3 a6 6. Be3 e5 7. Nb3 Be6 8. Qd2 Be7 9. f3 h5 10. Nd5 Nxd5 11. exd5 Bf5 12. Bd3 Bxd3 13. Qxd3 Nd7 14. O-O-O Bg5 15. Kb1 Bxe3 16. Qxe3 Rc8 17.
h4 Qc7 18. c3 b5 19. g4 hxg4 20. fxg4 Qc4 21. Nd2 Qxg4 22. Ne4 Ke7 23. Rhg1 Qf4 24.
Qe2 Rxh4 25. Ng3 g6 26. Rdf1 Qc4 27. Qe1 Qxd5 28. Nf5+ gxf5 29. Qxh4+ Nf6 30. Ka1 f4 31. Rxf4 exf4 32. Re1+ Kd7 33. Qxf6 Re8 34. Rb1 f3 35. a3 Re2 36. Qf4 f2 37. Qg4+ Qe6 38. Qf3 Qe4 39. Qxf7+ Kc6 40. Qf8 Qxb1+ 41. Kxb1 Re1+ 42. Ka2 f1=Q 43. Qa8+ Kd7 44. Qb7+ Ke6 45. Qc8+ Kf6 46. Qf8+ Kg5 47.
Qg7+ Kf4 48. Qf6+ Kg3 49. Qg5+ Kh2 50. Qh6+ Kg1 51. Qg7+ Qg2 52. Qd4+ Qf2 53. Qg7+ Kh2 54. Qh6+ Kg2 55. Qg6+ Qg3 56. Qc2+ Kg1 57. c4 bxc4 58. Qxc4 Rf1 59. Qd4+ Rf2 60. Qd1+ Kg2 61. Qd5+ Qf3 62. Qg5+ Kf1 63. Qc1+ Ke2 64. Qc2+ Ke3 65. Qc3+ Ke4 66. Qc4+ Ke5 67. Qxa6 Qd5+ 68. Kb1 Rf1+ 69. Qxf1 Qe4+ 70. Kc1 Qe3+ 71. Kc2 Qc5+ 72. Kd2 Qd4+ 73.
Kc2 Qc5+ 74. Kb1 Qe3 75. Qc4 Qe1+ 76. Qc1 Qe4+ 77. Qc2 Qe1+ 78. Ka2 Ke6 79. b4 d5 80. b5 Qa5 81. Qc6+ Ke5 82. Kb3 d4 83. b6 Qe1 84.
Qc5+ Ke6 85. Qb4 Qb1+ 86. Kc4 Qc2+ 87. Kxd4 Qd1+ 88. Kc5 Qh5+ 89. Kc4 Qd5+ 90. Kc3 Qf3+ 91. Kb2 Qe2+ 92. Kb3 Qd3+ 93. Qc3 Qb1+ 94. Kc4 Qxb6 95. a4 Qc6+ 96. Kb4 Qb6+ 97. Ka3 Qd6+ 98. Kb3 Qd5+ 99. Qc4 Qxc4+ 100. Kxc4 Kd6 101. Kb5 Kc7 102. Ka6 Kb8 103. Kb6 Ka8 104. a5 Kb8 105. a6 Ka8 106. a7 1/2-1/2

[Event "*** SCC Grand Prix: Titled Tuesday Blitz"]
[Site "Chess.com"]
[Date "2020.07.14"]
[Round "5"]
[White "djano"]
[Black "GMKrikor"]
[Result "1-0"]
[WhiteElo "2476"]
[BlackElo "2682"]
[TimeControl "180+1"]
[EndTime "10:58:37 PDT"]
[Termination "djano won by resignation"]

1. d4 Nf6 2. Nf3 g6 3. Bf4 Bg7 4. c3 c5 5. h3 O-O 6. dxc5 Na6 7. Nbd2 Nxc5 8. Qc2 b6 9. e3 Bb7 10. Be2 Rc8 11. O-O d6 12. Bh2 Qc7 13. a4 a6 14. Rfe1 Rfd8 15. Nd4 Qb8 16. Bf1 Qa8 17. Nc4 Nfd7 18. f3 d5 19. Nd2 e5 20. N4b3 Ne6 21.
a5 b5 22. Bg3 Qa7 23. Kh1 f5 24. Bf2 Qb8 25. Bh4 Re8 26. Rad1 b4 27. Rc1 bxc3 28.
bxc3 Qc7 29. Qa2 Kh8 30. c4 d4 31. exd4 exd4 32. c5 Qf4 33. Bf2 Bd5 34. Qa3 Qc7 35.
Bxa6 Rb8 36. Bc4 Nf6 37. Bxd5 Nxd5 38. Nc4 f4 39. Nd6 Re7 40. a6 Ne3 41. Qa4 Ra8 42. Nd2 Be5 43. N2e4 Kg7 44. Qa2 Qc6 45. Qb1 Rxa6 46. Qb2 Ra8 47. Qe2 Qd5 48. Qd3 Rc7 49.
Qe2 Rd8 50. Qd3 Rc6 51. Qe2 Rb8 52. Qd3 Rb2 53. Re2 Rb3 54. Qd2 Rb8 55. Qd3 Rd8 56.
Qd2 h5 57. Qd3 Bxd6 58. Nxd6 Rdxd6 59. cxd6 Rxc1+ 60. Re1 Rxe1+ 61. Bxe1 Qxd6 62. Qb3 Qd5 63. Qb6 Nf5 64. Qa7+ Kf6 65. Qa8 Nfg7 66. Qxd5 Nf5 67. Qa5 Ng3+ 68. Bxg3 fxg3 69. Qa1 Ke5 70. Qe1+ Kd6 71.
Qe4 g5 72. Qg6 h4 73. Qe4 Kd7 74. Qd5+ Ke7 75. Qe5 Kd7 76. Kg1 Ke7 77. Qd5 Kf7 78. Qe4 Kf6 79. Kf1 Kf7 80. Qe5 Ke7 81. Ke1 Kf7 82.
Kd2 Nf4 83. Qf5+ Ke8 84. Qxg5 Nxg2 85. Qg6+ Kf8 86. Qd6+ Ke8 87. Qxd4 Kf8 88. Ke2 Ke8 89. Kf1 1-0

[Event "*** SCC Grand Prix: Titled Tuesday Blitz"]
[Site "Chess.com"]
[Date "2020.07.14"]
[Round "5"]
[White "Bulldog167"]
[Black "penguingm1"]
[Result "1/2-1/2"]
[WhiteElo "2733"]
[BlackElo "2949"]
[TimeControl "180+1"]
[EndTime "10:58:40 PDT"]
[Termination "Game drawn by repetition"]

1. d4 d5 2. c4 e6 3. Nc3 Be7 4.
Nf3 Nf6 5. Bg5 h6 6. Bh4 O-O 7. e3 b6 8. Be2 Bb7 9. Bxf6 Bxf6 10. cxd5 exd5 11. b4 c6 12. O-O Qd6 13. Qb3 Nd7 14.
a4 a5 15. bxa5 Rxa5 16. Rab1 Re8 17. Rfc1 g6 18. Bf1 Kg7 19. g3 h5 20. Bh3 Ra6 21. Rc2 Nf8 22. Bf1 Raa8 23. Qxb6 Bc8 24. Nb5 Qe7 25.
Rxc6 Bd7 26. Rcc1 Reb8 27. Qc5 Rxa4 28. Qxe7 Bxe7 29. Nc3 Rxb1 30. Rxb1 Ra5 31. Ne5 Bf5 32. Rc1 Bg5 33. h4 Bh6 34. Nc6 Ra3 35. Nxd5 Be4 36. Nf4 Nd7 37. Bg2 Bf5 38. Ne7 Bg4 39. Ned5 Nf8 40.
Nc3 Nd7 41. Ne4 Bf5 42. Ng5 Nf8 43.
Rc7 Bxg5 44. hxg5 Nh7 45. Bd5 Nxg5 46. Kg2 Ra1 47. Bb7 Ra2 48. Kf1 Rb2 49. Bd5 Be4 50. Bxe4 Nxe4 51. Nd3 Rd2 52. Re7 Nxg3+ 53. fxg3 Rxd3 54.
Ke2 Ra3 55. d5 Kf6 56. Re8 Kf5 57. Kf3 Rd3 58. Re7 Kf6 59. Rd7 Ke5 60. Rxf7 Rxd5 61.
Rf8 Ke6 62. Ke4 Ra5 63. Re8+ Kf6 64. Kf4 Ra4+ 65. Kf3 Kf5 66. Rf8+ Kg5 67. Rb8 Ra1 68. Rb5+ Kh6 69. Rb6 Rf1+ 70. Kg2 Rf5 71. e4 Ra5 72. Kf3 Kg5 73. Rd6 Ra3+ 74. Kg2 Re3 75. Re6 Ra3 76. Kf2 Rb3 77. Kg2 Kh6 78. Kf2 Kg7 79. Rc6 Kf7 80. e5 Rb5 81. Rf6+ Kg7 82. Re6 Kh6 83. Kf3 Kg5 84. Re8 Kf5 85. e6 Kf6 86. Ke4 Re5+ 87. Kf4 Rf5+ 88. Ke4 Ra5 89. e7 Ra4+ 90. Kd5 Ra5+ 91.
Kd6 Ra6+ 92. Kd7 Ra7+ 93. Kd6 Ra6+ 94. Kd7 Ra7+ 95. Kd6 Ra6+ 1/2-1/2

[Event "*** SCC Grand Prix: Titled Tuesday Blitz"]
[Site "Chess.com"]
[Date "2020.07.14"]
[Round "5"]
[White "Lagmantr"]
[Black "DishonorOnYourCow"]
[Result "1-0"]
[WhiteElo "2641"]
[BlackElo "2343"]
[TimeControl "180+1"]
[EndTime "10:59:06 PDT"]
[Termination "Lagmantr won by resignation"]

1. Nf3 d5 2. c4 c6 3. g3 Nf6 4.
Bg2 g6 5. O-O Bg7 6. b3 O-O 7.
Bb2 b5 8. d3 bxc4 9. dxc4 Bb7 10.
Nbd2 Nbd7 11. Rc1 Re8 12. Ne5 Ng4 13. Nxd7 Bxb2 14. Rc2 Ba3 15. cxd5 cxd5 16. Nc5 Bxc5 17. Rxc5 Qb6 18. Qc2 Rac8 19. Rc1 Rxc5 20. Qxc5 Rc8 21. Qxc8+ Bxc8 22. Rxc8+ Kg7 23. e3 Nxe3 24. Bf3 Qd4 25. Nf1 Nd1 26. Bxd1 Qxd1 27. Rc7 d4 28. Rxe7 a5 29.
Ra7 Qe1 30. Rd7 Qe4 31. Nd2 Qe1+ 32. Nf1 Qa1 33. a4 Qb2 34. Rd5 Qxb3 35. Rxd4 Qb2 36.
Rc4 Qe2 37. Ne3 h5 38. h4 Qd3 39. Kg2 Qd6 40. Kg1 Qd7 41. Kh2 Qd2 42. Kg2 Qa2 43.
Rf4 Qb3 44. Rc4 Qb7+ 45. Kg1 Qd7 46. Kg2 Kh6 47. Rf4 Kg7 48. Kh2 Qc6 49. Ng2 Qc3 50. Ne3 Qd2 51. Ng2 Qc2 52. Ne1 Qd1 53. Nf3 f6 54.
Ng1 Qd2 55. Nh3 Qc2 56. Rf3 Qb2 57. Rf4 Qa2 58. Kg2 Qb2 59. Ng1 Qb7+ 60. Nf3 Qb2 61. Kh2 Qc2 62. Kg2 Qb2 63. Rd4 Qc3 64. Rd7+ Kh6 65.
Nd4 g5 66. Nf5+ Kg6 67. Ne7+ Kh6 68. hxg5+ fxg5 69. Ng8+ Kg6 70. Ne7+ Kh6 71. Rd6+ Kg7 72. Nf5+ Kf7 73. Nd4 Qd3 74. Rd7+ Ke8 75. Rd6 Qe4+ 76. Kh2 Qg4 77. Re6+ Kf7 78. Rd6 h4 79. gxh4 Qxh4+ 80. Kg2 Qg4+ 81. Kf1 Qh5 82. Kg2 Qg4+ 83. Kf1 Qf4 84.
Rd7+ Ke8 85. Rd8+ Kxd8 86. Ne6+ Ke7 87. Nxf4 gxf4 88. Ke2 Kf6 89. Kd3 Kf5 90. Kd4 Kg4 91. Ke4 f3 92. Ke3 Kf5 93. Kxf3 Ke5 94. Ke3 Kd5 95.
Kd3 Kc5 96. Ke4 Kb4 97. f4 Kxa4 98. f5 Kb3 99. f6 a4 100. f7 a3 101. f8=Q a2 102. Qf6 Kc2 103. Qa1 Kb3 104. Kd4 Ka3 105. Kc4 1-0

[Event "*** SCC Grand Prix: Titled Tuesday Blitz"]
[Site "Chess.com"]
[Date "2020.07.14"]
[Round "5"]
[White "ckgchess"]
[Black "ChelsieMonica"]
[Result "1-0"]
[WhiteElo "2651"]
[BlackElo "2421"]
[TimeControl "180+1"]
[EndTime "10:59:33 PDT"]
[Termination "ckgchess won by checkmate"]

1. e4 e5 2. Nc3 Nf6 3. g3 Be7 4. Bg2 O-O 5. Nge2 c6 6. d4 exd4 7. Qxd4 c5 8. Qd1 Nc6 9. O-O d6 10. Nf4 Re8 11. Nfd5 Nxd5 12. Nxd5 Bf8 13. Re1 Be6 14.
Bf4 Ne5 15. c3 c4 16. Bxe5 dxe5 17. Qe2 Rc8 18. Rad1 Qg5 19. h4 Qh6 20. a4 Bc5 21. Kh2 g5 22. Qd2 f6 23. Bh3 Kh8 24. Bxe6 Rxe6 25. Kg2 Rg8 26. Rh1 Qg6 27. hxg5 Qxe4+ 28. f3 Qg6 29. Rh6 Qxg5 30. Qxg5 Rxg5 31. Rdh1 Rg7 32. Nxf6 Ree7 33. Ne4 Bb6 34. Rd1 Rd7 35. Rhd6 Rxd6 36. Rxd6 Rc7 37. Re6 Rd7 38. Rxe5 Kg7 39. Rg5+ Kh6 40.
a5 Be3 41. Re5 Rd1 42. f4 Bc1 43. Rb5 b6 44. axb6 axb6 45. Rxb6+ Kg7 46. Rb7+ Kg6 47.
Kf3 Rd3+ 48. Kg4 h5+ 49. Kh4 Rd1 50. Rb6+ Kf5 51. Nd6+ Kg6 52. Nxc4+ Kf5 53. Rb5+ Kg6 54. Ne5+ Kh6 55. Rb6+ Kg7 56. Kxh5 Rg1 57. Kg4 Kf8 58. Rb7 Ke8 59. c4 Rg2 60. b4 Bd2 61. b5 Be1 62. b6 Rxg3+ 63. Kf5 Rb3 64. c5 Bf2 65. c6 Rxb6 66. c7 Rc6 67. c8=Q+ Rxc8 68. Rh7 Rc5 69.
Ke6 Kd8 70. Nd3 Rc6+ 71. Kd5 Rc2 72. Rh8+ Ke7 73. Ke5 Re2+ 74. Kf5 Bd4 75. Rh7+ Kd6 76.
Rh6+ Ke7 77. Rc6 Re3 78. Nb4 Re2 79. Nd5+ Kd7 80. Rh6 Bb2 81. Rh7+ Kd6 82. Nf6 Bxf6 83. Kxf6 Re6+ 84. Kg5 Re8 85. f5 Ke5 86. f6 Rg8+ 87.
Rg7 Ra8 88. Re7+ Kd6 89. Re1 Ra2 90. Kg6 Rg2+ 91. Kf7 Rf2 92. Kg7 Rg2+ 93. Kf8 Rf2 94. f7 Kd7 95. Rd1+ Ke6 96. Ke8 Ra2 97. f8=Q Ra7 98.
Re1+ Kd5 99. Qf5+ Kc6 100. Re6+ Kb7 101. Qb5+ Ka8 102. Qd5+ Rb7 103. Rb6 Ka7 104. Qxb7# 1-0